 Dungeon Crawl Stone Soup version 0.25-a0-975-gcae8493d64 (webtiles) character file.

Game seed: 12315539098234455995, levelgen mode: deterministic

2002 Flugslaktarn the Cleaver (level 9, -10/72 HPs)
             Began as a Barachi Fighter on May 9, 2020.
             Mangled by an orc warrior
             ... wielding a +0 halberd
              (16 damage)
             ... on level 6 of the Dungeon.
             The game lasted 00:03:36 (6076 turns).

Flugslaktarn the Cleaver (Barachi Fighter)          Turns: 6076, Time: 00:03:36

Health: -10/72     AC: 11    Str: 19    XL:     9   Next: 22%
Magic:  0/9        EV:  4    Int:  9    God:
Gold:   203        SH:  9    Dex: 13    Spells: 8/8 levels left

rFire    . . .     SeeInvis .   a - +1 war axe
rCold    . . .     Gourm    .   c - +0 kite shield
rNeg     . . .     Faith    .   g - +0 chain mail
rPois    +         Spirit   +   h - +1 helmet
rElec    .         Reflect  .   w - scarf {Spirit}
rCorr    .         Harm     .   (no gloves)
MR       .....                  (no boots)
Stlth    ..........             (no amulet)
HPRegen  0.22/turn              o - ring of poison resistance
MPRegen  0.11/turn              (no ring)

@: flying, very heavily drained, slow
A: +LOS, swims, slowness 1, strong legs 1
a: Hop


You were on level 6 of the Dungeon.
You were hungry.

You visited 1 branch of the dungeon, and saw 6 of its levels.

You collected 203 gold pieces.

Inventory:

Hand Weapons
 a - a +1 war axe (weapon)
Armour
 c - a +0 kite shield (worn)
 g - a +0 chain mail (worn)
   (You found it on level 1 of the Dungeon)
 h - a +1 helmet (worn)
   (You took it off Robin on level 2 of the Dungeon)
 w - a scarf of spirit shield (worn)
   (You found it on level 3 of the Dungeon)
Jewellery
 o - a ring of poison resistance (left hand)
   (You found it on level 2 of the Dungeon)
 u - a cursed amulet of inaccuracy {unknown}
   (You found it on level 4 of the Dungeon)
Scrolls
 f - 2 scrolls of magic mapping
 m - a scroll of random uselessness {unknown}
 r - 2 scrolls of identify
 t - a scroll of enchant weapon
 x - 2 scrolls of remove curse
Potions
 b - a potion of magic
 d - a potion of might
 i - a potion of invisibility
 j - a potion of mutation {unknown}
 k - 2 potions of flight
 l - 3 potions of brilliance
 n - 2 potions of heal wounds {unknown}
 p - a potion of cancellation {unknown}
 q - 2 potions of curing
 s - 2 potions of lignification
 v - a potion of stabbing {unknown}
 z - a potion of resistance {unknown}
Comestibles
 e - 7 rations


   Skills:
 + Level 7.3(3.1) Fighting
 * Level 8.5(4.1) Axes
 + Level 7.2(3.0) Armour
 + Level 6.6(2.5) Shields


You had 8 spell levels left.
You didn't know any spells.
Your spell library was empty.

Dungeon Overview and Level Annotations

Branches:
Dungeon (6/15)
 Temple: D:4-7

Altars:
Dithmenos
Okawaru
Qazlal
Ru
Vehumet
Wu Jian
Yredelemnul

Annotations:
D:4 1 runed translucent door, Amnesiac's ghost, amateur DEWz


Innate Abilities, Weirdness & Mutations

You can be seen from farther away. (+LOS)
You can swim through water.
You cover ground slowly.
You can hop short distances.


Message History

You are too injured to fight recklessly!
You are too injured to fight recklessly!
You are too injured to fight recklessly!
Unknown command.
You block the worker ant's attack.
You feel sick.
The orc wizard hits you but does no damage.
It was a potion of flight.
You feel very buoyant.
You fly up into the air.
The orc wizard hits you but does no damage.
The orc warrior hits you from afar with a +0 halberd!
* * * LOW HITPOINT WARNING * * *
Unknown command.
It was a potion of curing.
You feel better.
The orc wizard hits you but does no damage.
The worker ant waves its antennae.
The orc wizard hits you but does no damage.
The orc warrior hits you from afar with a +0 halberd!
You die...

.......#.# .
..>......#####....
...............####
#.......(.######..#
..........##.....##
..........#..#####
............## #####
.......(...##
#####....##
.###...#####
#.@oa.....#.. .#
###..# #.##o5.......
##
##.#######.#..).......
#..........#..........
#........###..........
#.......## #.%........
#.......# #..........
######### ##.........
##.....#<.


You could see an orc warrior, a worker ant, an orc wizard (fast) and a crimson
imp.

Vanquished Creatures
  Sigmund (D:4)
  Edmund (D:4)
  Duvessa (D:6)
  2 sky beasts (D:5)
  An ogre (D:4)
  A necrophage (D:4)
  A centaur (D:5)
  Blork the orc (D:4)
  A bullfrog (D:6)
  A scorpion (D:4)
  Dowan (D:6)
  2 crimson imps
  3 orc priests
  4 orc wizards
  A bullfrog skeleton (D:4)
  2 hounds
  A centaur skeleton (D:5)
  Natasha (thrice) (D:3)
  6 worker ants
  3 hound zombies
  A hound skeleton (D:6)
  Robin (D:2)
  9 gnolls
  9 adders
  2 oozes
  An adder zombie (D:5)
  An adder skeleton (D:5)
  A worm (D:2)
  2 leopard geckos
  14 orcs
  6 bats
  4 giant cockroaches
  19 goblins
  13 hobgoblins
  4 jackals (D:1)
  11 kobolds
  2 quokkas
  2 frilled lizards
  A leopard gecko skeleton (D:5)
  A quokka zombie (D:5)
  4 rats
145 creatures vanquished.

Notes
Turn   | Place    | Note
-------+----------+-------------------------------------------
     0 | D:1      | Flugslaktarn the Barachi Fighter began the quest for the
                  | Orb.
     0 | D:1      | Reached XP level 1. HP: 18/18 MP: 1/1
    79 | D:1      | Reached XP level 2. HP: 24/25 MP: 2/2
   283 | D:1      | Reached skill level 3 in Axes
   283 | D:1      | Reached XP level 3. HP: 28/30 MP: 3/3
   815 | D:2      | Noticed Robin
   818 | D:2      | Reached XP level 4. HP: 28/37 MP: 4/4
   824 | D:2      | Killed Robin
  1024 | D:2      | Reached XP level 5. HP: 31/43 MP: 5/5
  1606 | D:2      | Found an ornate altar of the Wu Jian Council.
  1703 | D:2      | Reached skill level 4 in Axes
  1832 | D:3      | Found an iron altar of Okawaru.
  2288 | D:3      | Found a radiant altar of Vehumet.
  2476 | D:3      | Noticed Natasha
  2478 | D:3      | Killed Natasha
  2478 | D:3      | Reached XP level 6. HP: 49/49 MP: 6/6
  2490 | D:3      | Found a sacrificial altar of Ru.
  2850 | D:3      | Noticed Natasha
  2867 | D:3      | Killed Natasha
  3040 | D:3      | Noticed Natasha
  3048 | D:3      | Killed Natasha
  3128 | D:4      | You fall into a shaft and drop 2 floors!
  3136 | D:6      | Reached skill level 5 in Fighting
  3137 | D:6      | Reached skill level 5 in Armour
  3258 | D:6      | Reached skill level 5 in Axes
  3359 | D:6      | Noticed Dowan
  3368 | D:6      | Reached XP level 7. HP: 30/56 MP: 3/7
  3398 | D:6      | Killed Dowan
  3398 | D:6      | Reached skill level 5 in Shields
  3517 | D:6      | Noticed Duvessa
  3529 | D:6      | Killed Duvessa
  3529 | D:6      | Reached skill level 6 in Axes
  3798 | D:5      | Entered Level 5 of the Dungeon
  3868 | D:5      | Reached XP level 8. HP: 44/64 MP: 6/8
  4057 | D:5      | Found a shadowy altar of Dithmenos.
  4725 | D:5      | Reached skill level 7 in Axes
  5024 | D:4      | Noticed Sigmund
  5039 | D:4      | Killed Sigmund
  5209 | D:4      | Found a stormy altar of Qazlal.
  5210 | D:4      | Found a basalt altar of Yredelemnul.
  5362 | D:4      | Reached skill level 8 in Axes
  5362 | D:4      | Reached XP level 9. HP: 71/71 MP: 9/9
  5363 | D:4      | Noticed Blork the orc
  5377 | D:4      | Killed Blork the orc
  5481 | D:4      | Found a runed translucent door.
  5487 | D:4      | Noticed Amnesiac's ghost (amateur DEWz)
  5592 | D:4      | Noticed Edmund
  5616 | D:4      | Killed Edmund
  6075 | D:6      | HP: 1/71 [orc warrior/+0 halberd (9)]
  6076 | D:6      | Mangled by an orc warrior

Illustrated notes

Levels and vault maps discovered:
D:1:      arrival_zaba_pyramid, layout_basic, nrook_mini_vaults
D:2:      layout_basic, first_ration, lemuel_statue_altar, uniq_robin
D:3:      layout_loops_corners, overflow_temple_1_default, old_standard_altar,
          okawaru_trees_1, uniq_natasha
D:4:      layout_cave_pools, gammafunk_temple_overflow_pools,
          ebering_ghost_sewer_d, minmay_small_thing, uniq_edmund,
          uniq_blork_the_orc, uniq_sigmund
D:5:      layout_basic, serial_rivers, chequers_serial_rivers_room_b,
          chequers_serial_rivers_micro_d, chequers_serial_rivers_large_a,
          chequers_serial_rivers_small_a, chequers_serial_rivers_room_b,
          chequers_serial_rivers_large_b, basic_altar
D:6:      layout_rooms, lemuel_temple_firewalk_a, uniq_duvessa

Skill      XL: |  1  2  3  4  5  6  7  8  9 |
---------------+----------------------------+-----
Fighting       | 4 5 6 7 |  7.3
Axes           | 3 4 5 6 8 |  8.5
Armour         | 4 5 6 7 |  7.2
Shields        | 4 5 6 |  6.6

Action                   |  1- 3 |  4- 6 |  7- 9 || total
-------------------------+-------+-------+-------++-------
Melee: War axe           |    93 |   218 |   252 ||   563
 Abil: Hop               |       |     1 |       ||     1
  Use: Scroll            |       |     8 |     7 ||    15
       Potion            |       |     1 |     4 ||     5
  Eat: Chunk             |       |     7 |     5 ||    12
       Ration            |       |     1 |     1 ||     2
Armor: Chain mail        |    60 |   129 |   169 ||   358
Dodge: Dodged            |    24 |    46 |    38 ||   108
Block: Kite shield       |    48 |   131 |   124 ||   303

Table legend:
 A = Non-vault XP
 B = Vault XP
 C = Vault XP percentage of total XP
 D = Non-vault monster count
 E = Vault monster count
 F = Vault count percentage of total count
                 A         B        C        D         E       F
            +---------+---------+-------+---------+---------+-------
      Total |    1977 |     884 |  30.9 |     126 |      19 |  13.1
            +---------+---------+-------+---------+---------+-------
        D:1 |      67 |       0 |   0.0 |      25 |       0 |   0.0
        D:2 |      88 |      34 |  27.9 |      18 |      11 |  37.9
        D:3 |     234 |      35 |  13.0 |      29 |       1 |   3.3
        D:4 |     531 |     599 |  53.0 |      15 |       5 |  25.0
        D:5 |     590 |       0 |   0.0 |      18 |       0 |   0.0
        D:6 |     467 |     216 |  31.6 |      21 |       2 |   8.7
            +---------+---------+-------+---------+---------+-------
